 Dungeon Crawl Stone Soup version 0.18-a0-1797-gc18daef (webtiles) character file.

2807 macross the Covert (level 9, -30/43 HPs)
             Began as a Spriggan Assassin on Apr 22, 2016.
             Was a Believer of Dithmenos.
             Annihilated by a hill giant
             ... wielding a +0 giant spiked club
              (32 damage)
             ... on level 8 of the Dungeon.
             The game lasted 00:42:01 (8367 turns).

macross the Covert (Spriggan Assassin)              Turns: 8367, Time: 00:42:01

Health: -30/43     AC:  5    Str:  7    XL:     9   Next: 44%
Magic:  10/10      EV: 30    Int: 12    God:    Dithmenos [**....]
Gold:   278        SH:  0    Dex: 21    Spells: 0 memorised, 8 levels left

rFire  . . .     SeeInvis +     j - +4 dagger (venom)
rCold  . . .     Gourm    .     c - +0 robe
rNeg   . . .     Faith    .     (shield restricted)
rPois  .         Spirit   .     (helmet restricted)
rElec  .         Dismiss  .     n - +2 cloak
rCorr  .         Reflect  .     (gloves unavailable)
SustAt .         Harm     .     (boots unavailable)
MR     +....                    (no amulet)
Stlth  +++++++++.               (no ring)
                                (no ring)

@: about to teleport, flying, very slightly contaminated, wreathed by umbra,
invisible, very quick, somewhat resistant to hostile enchantments, incredibly
stealthy
A: unfitting armour, see invisible, herbivore 3, speed 3, slow metabolism 2
a: Shadow Step, Renounce Religion


You were on level 8 of the Dungeon.
You worshipped Dithmenos.
Dithmenos was pleased with you.
You were completely stuffed.

You visited 2 branches of the dungeon, and saw 9 of its levels.

You collected 278 gold pieces.

Inventory:

Hand Weapons
 a - a +2 dagger
 b - a +0 blowgun
 j - a +4 dagger of venom (weapon)
 s - a +0 dagger of chaos
 y - a +0 dagger of venom
Missiles
 e - 37 poisoned needles
 f - 2 curare-tipped needles (quivered)
Armour
 c - a +0 robe (worn)
 d - a +0 cloak
 i - a +0 cloak
 n - a +2 cloak (worn)
Magical Staves
 F - an uncursed staff of wizardry {unknown}
Jewellery
 k - an uncursed amulet of faith
 z - an uncursed amulet of magic regeneration
Wands
 x - a wand of acid (6/15)
 E - a wand of iceblast (3/15)
 H - a wand of enslavement (13/24)
Scrolls
 h - 2 scrolls of enchant weapon
 l - 2 scrolls of magic mapping
 m - 2 scrolls of enchant armour
 p - 2 scrolls of remove curse
 q - a scroll of recharging
 v - a scroll of fear {unknown}
 w - a scroll of random uselessness {unknown}
 C - a scroll of fog {unknown}
 D - a scroll of noise
 L - a scroll of identify
Potions
 o - a potion of cure mutation
 r - a potion of mutation {unknown}
 u - a potion of degeneration
 A - a potion of ambrosia {unknown}
 B - 2 potions of heal wounds {unknown}
 I - a potion of haste {unknown}
 J - a potion of brilliance {unknown}
 K - 2 potions of lignification {unknown}
Comestibles
 g - a bread ration


   Skills:
 + Level 2.8 Fighting
 * Level 5.0 Short Blades
 - Level 2.0 Throwing
 * Level 11.2 Dodging
 * Level 14.3 Stealth


You had 8 spell levels left.
You didn't know any spells.

Dungeon Overview and Level Annotations

Branches:
Dungeon (8/15)             Temple (1/1) D:5
   Lair: D:8-11

Altars:
Ashenzari
Cheibriados
Dithmenos
Elyvilon
Fedhas
Gozag
Kikubaaqudgha
Makhleb
Nemelex Xobeh
Okawaru
Pakellas
Qazlal
Ru
Sif Muna
Trog
Vehumet
Xom
Yredelemnul
Zin
The Shining One

Shops:
D:7 *


Innate Abilities, Weirdness & Mutations

You are tiny and cannot use many weapons and most armour.
You have supernaturally acute eyesight.
You are a herbivore.
You cover ground extremely quickly.
You need consume almost no food.


Message History

* * * LOW HITPOINT WARNING * * *
The jelly is heavily wounded.
The jelly completely misses you.
You hit the jelly.
Your hands burn!
* * * LOW HITPOINT WARNING * * *
The jelly is severely wounded.
The jelly completely misses you.
You fade into invisibility!
The hill giant closely misses you. The jelly completely misses you.
You are very lightly contaminated with residual magic.
Drink which item? (? for menu, Esc to quit)
It was a potion of flight.
You feel very buoyant.
You fly up into the air.
The hill giant closely misses you. The jelly closely misses you.
As you read the scroll of teleportation, it crumbles to dust.
You feel strangely unstable. The jelly hits you but does no damage.
The hill giant hits you with a giant spiked club!!
Ouch! That really hurt!
You die...

.######## ..#
........# #.#
........# #.#
........#####.#
..............#
.........###..######.#
.........# #.........#
)......(.# #...#######
########[# #..>C@J...#
##.......###########.#
.........)..# #.#
............# #.#
............# ####.#
..†.........# #....#
............# #.####
............# #.#
....†.......# #>#####


You could see a hill giant and a jelly.

Vanquished Creatures
  Joseph (D:7)
  The ghost of epen the Ruffian, a novice GrMo (D:5)
  A hungry ghost (D:8)
  An ice beast (D:6)
  A sky beast (D:8)
  2 orc warriors
  4 ogres
  A giant frog (D:7)
  2 scorpions
  5 killer bees (D:7)
  2 wights (D:7)
  5 crimson imps
  4 hounds
  An orc priest (D:7)
  A giant frog skeleton (D:5)
  Natasha (thrice) (D:2 D:3)
  A worker ant (D:7)
  8 orc wizards
  A killer bee zombie (D:5)
  A hound zombie (D:5)
  10 adders
  6 gnolls (D:5)
  A shadow imp (D:7)
  2 oozes
  An adder skeleton (D:5)
  A worm (D:3)
  3 dart slugs (D:1)
  2 giant geckos
  21 orcs
  2 bats (D:2)
  3 giant cockroaches
  2 hobgoblins (D:1)
  12 jackals
  A quokka (D:3)
  A ball python (D:2)
  A giant cockroach zombie (D:5)
  5 giant newts
  6 goblins
  2 goblin zombies (D:7)
  3 hobgoblin zombies (D:7)
  6 kobolds
  A kobold skeleton (D:7)
  2 orc skeletons (D:7)
  2 orc zombies (D:7)
  11 rats
153 creatures vanquished.

Notes
Turn   | Place    | Note
--------------------------------------------------------------
     0 | D:1      | macross the Spriggan Assassin began the quest for the Orb.
     0 | D:1      | Reached XP level 1. HP: 10/10 MP: 2/2
    35 | D:1      | Reached skill level 6 in Stealth
   187 | D:2      | Reached XP level 2. HP: 11/14 MP: 3/3
   229 | D:2      | Reached skill level 7 in Stealth
   242 | D:2      | Reached XP level 3. HP: 10/18 MP: 4/4
   648 | D:2      | Noticed Natasha
   651 | D:2      | Killed Natasha
   651 | D:2      | Reached skill level 8 in Stealth
   735 | D:2      | Reached XP level 4. HP: 22/22 MP: 5/5
   928 | D:2      | Found a glowing silver altar of Zin.
   934 | D:2      | Found an opulent altar of Gozag.
   935 | D:2      | Found a radiant altar of Vehumet.
  1155 | D:2      | Noticed Natasha
  1175 | D:2      | Killed Natasha
  1233 | D:3      | Noticed Natasha
  1244 | D:3      | Killed Natasha
  1244 | D:3      | Reached skill level 9 in Stealth
  1256 | D:3      | Found a shimmering altar of Xom.
  1299 | D:3      | Reached XP level 5. HP: 20/25 MP: 6/6
  1653 | D:3      | Reached skill level 10 in Stealth
  1694 | D:3      | Reached XP level 6. HP: 20/30 MP: 7/7
  3513 | D:4      | Reached skill level 5 in Dodging
  3513 | D:4      | Reached skill level 11 in Stealth
  3513 | D:4      | Reached XP level 7. HP: 18/34 MP: 8/8
  3786 | D:5      | Entered Level 5 of the Dungeon
  3894 | D:5      | Noticed epen's ghost (novice GrMo)
  4556 | D:5      | Reached skill level 12 in Stealth
  4705 | D:5      | Killed epen's ghost
  4705 | D:5      | Reached XP level 8. HP: 23/39 MP: 9/9
  4926 | D:5      | Found a staircase to the Ecumenical Temple.
  5230 | Temple   | Entered the Ecumenical Temple
  5512 | Temple   | Became a worshipper of Dithmenos the Shadowed
  5653 | D:6      | Found an oddly glowing altar of Pakellas.
  6040 | D:7      | Found Sikhiet's Assorted Antiques.
  6062 | D:7      | Reached skill level 13 in Stealth
  6070 | D:7      | Learned a level 6 spell: Haste
  6693 | D:7      | HP: 1/39 [wight/great sword (1)]
  7008 | D:7      | Found a glowing golden altar of the Shining One.
  7030 | D:7      | Reached * piety under Dithmenos
  7102 | D:7      | HP: 1/39 [wight/halberd of freezing (8)]
  7471 | D:7      | Reached XP level 9. HP: 37/43 MP: 10/10
  7560 | D:7      | Noticed Joseph
  7567 | D:7      | Killed Joseph
  7567 | D:7      | Reached skill level 10 in Dodging
  7625 | D:7      | Reached skill level 14 in Stealth
  8097 | D:8      | Reached skill level 5 in Short Blades
  8181 | D:8      | Reached ** piety under Dithmenos
  8309 | D:8      | Noticed a hill giant
  8363 | D:8      | HP: 2/43 [acid (5)]
  8367 | D:8      | Annihilated by a hill giant

Vault maps used:
D:1:      dpeg_arrival_rooms_c
D:2:      grunt_temple_overflow_open, uniq_natasha
D:3:      led_xom_imps
D:4:      hex_tiny, kennysheep_crisscross, minmay_misc_feat_room,
          kennysheep_generic_room_8
D:5:      temple_statues, first_bread, kennysheep_generic_room_4
D:6:      johnstein_pakellas_death_squad, uniq_eustachio, uniq_menkaure
D:7:      serial_shops, kennysheep_little_box, grunt_ogre_cave,
          nicolae_tso_besieged_by_evil, uniq_joseph
Temple:   hc_temple_tempest_star

Skill      XL: |  1  2  3  4  5  6  7  8  9 |
---------------+----------------------------+-----
Stealth        | 6 7 8 9 10 11 12 13 14 | 14.3
Dodging        | 2 3 5 7 9 11 | 11.2
Short Blades   | 3 4 5 |  5.0
Fighting       | 2 |  2.8
Throwing       | |  2.0

Action                   |  1- 3 |  4- 6 |  7- 9 || total
-------------------------+-------+-------+-------++-------
Melee: Dagger            |    34 |   251 |   316 ||   601
  Use: Scroll            |       |     2 |     9 ||    11
       Potion            |       |     2 |     7 ||     9
 Stab: Sleeping          |     8 |    21 |    16 ||    45
       Distracted        |       |     1 |     3 ||     4
       Invisible         |       |       |     2 ||     2
  Eat: Bread ration      |       |       |     3 ||     3
Armor: Robe              |     4 |    29 |    18 ||    51
Dodge: Dodged            |    21 |   144 |   312 ||   477
